 Dungeon Crawl Stone Soup version 0.24-a0-246-gb963c9a (webtiles) character file.

Game seed: 13545258985271623739

21 Gunnerkreig the Sneak (level 2, 0/17 HPs)
             Began as an Octopode Wizard on Apr 12, 2019.
             Slain by a goblin
             ... wielding a +0 dagger
             ... led by Robin
              (4 damage)
             ... on level 1 of the Dungeon.
             The game lasted 00:01:32 (1194 turns).

Gunnerkreig the Sneak (Octopode Wizard)             Turns: 1194, Time: 00:01:33

Health: 0/17       AC: -1    Str:  6    XL:     2   Next: 87%
Magic:  5/6        EV: 13    Int: 20    God:
Gold:   41         SH:  0    Dex: 10    Spells: 6/7 levels left

rFire    . . .     SeeInvis .   i - +0 dagger
rCold    . . .     Gourm    .   (no shield)
rNeg     . . .     Faith    .   a - +0 hat
rPois    .         Spirit   .   (no amulet)
rElec    .         Reflect  .   j - -2 ring of protection (curse)
rCorr    .         Harm     .   (no ring)
MR       .....                  (no ring)
Stlth    +++.......             (no ring)
HPRegen  0.05/turn              (no ring)
MPRegen  0.10/turn              (no ring)
                                (no ring)
                                (no ring)

@: no status effects
A: almost no armour, stealthy swim, amphibious, 8 rings, constrict 8, camouflage
1, gelatinous body 1
a: no special abilities


You were on level 1 of the Dungeon.
You were not hungry.

You visited 1 branch of the dungeon, and saw 2 of its levels.

You collected 41 gold pieces.

Inventory:

Hand Weapons
 i - a +0 dagger (weapon)
Missiles
 d - 29 stones (quivered)
 e - 18 sling bullets
Armour
 a - a +0 hat (worn)
Jewellery
 j - a cursed -2 ring of protection (left tentacle)
Scrolls
 b - a scroll of identify {unknown}
 k - a scroll of amnesia {unknown}
Potions
 f - a potion of flight {unknown}
Comestibles
 c - 4 rations
 h - a chunk of flesh


   Skills:
 - Level 2.0 Dodging
 + Level 3.8 Stealth
 - Level 3.0 Spellcasting
 + Level 2.0 Conjurations
   Level 1.0 Summonings
   Level 1.0 Translocations


You had 6 spell levels left.
You knew the following spells:

 Your Spells              Type           Power        Failure   Level  Hunger
a - Magic Dart            Conj           ##..         6%          1    None

Your spell library contained the following spells:

 Spells                   Type           Power        Failure   Level  Hunger
 Blink                    Tloc           N/A          14%         2    ##.....
 Call Imp                 Summ           #.......     14%         2    ##.....
 Slow                     Hex            #.......     22%         2    ##.....
 Conjure Flame            Conj/Fire      #.......     28%         3    ###....
 Mephitic Cloud           Conj/Pois/Air  #.......     32%         3    ###....


Dungeon Overview and Level Annotations

Branches:
Dungeon (2/15)

Altars:

Annotations:
D:2 Robin


Innate Abilities, Weirdness & Mutations

You cannot wear most types of armour.
You are very stealthy in the water. (Stealth+)
You are amphibious.
You can wear up to eight rings at the same time.
You can use your tentacles to constrict eight enemies at once.
Your skin changes colour to match your surroundings (Stealth+).
Your rubbery body absorbs attacks. (AC +1, EV +1)


Message History

The goblin is moderately wounded.
You constrict the goblin. x2; The goblin closely misses you.
The goblin hits you. The goblin misses you.
You closely miss the goblin. You grab the goblin.
You constrict the goblin, but do no damage.
You constrict the goblin. x2
You kill the goblin!
Your Conjurations skill increases to level 2!
The goblin misses you. The goblin hits you with a +0 dagger.
* * * LOW HITPOINT WARNING * * *
Casting: Magic Dart (safe; 6% risk of failure)
Confirm with . or Enter, or press ? or * to list all spells.
Aiming: Magic Dart (safe; 6% risk of failure)
Press: ? - help, Shift-Dir - straight line, f - goblin
Aim: a goblin, wielding a +0 club (severely wounded, constricted by you)
The magic dart hits the goblin.
You kill the goblin!
You constrict the goblin, but do no damage.
The goblin hits you with a +0 dagger.
You die...

### #.# ##### #.# ##### #...#
#.###...##### #.<.#
#...).......######### #...#
#...@................ #...#
#.##g...###.#########
####'####.##........#
#......##.##.###....#########
#.......#.##.# #............#
#.#.###.#.##)# #.............
#.#..#..#.##.# #.............
#.#..#.##.##.# #....########.
#..#'#.##.##.# #....# #.


You could see a goblin.

Vanquished Creatures
  A dart slug (D:1)
  A ball python (D:1)
  A giant cockroach (D:1)
  5 goblins (D:1)
  A hobgoblin (D:1)
  3 bats (D:1)
  A kobold (D:1)
  6 rats (D:1)
19 creatures vanquished.

Vanquished Creatures (others)
  A goblin (D:2)
1 creature vanquished.

Grand Total: 20 creatures vanquished

Notes
Turn   | Place    | Note
-------+----------+-------------------------------------------
     0 | D:1      | Gunnerkreig the Octopode Wizard began the quest for the
                  | Orb.
     0 | D:1      | Reached XP level 1. HP: 11/11 MP: 4/4
   357 | D:1      | Reached XP level 2. HP: 5/17 MP: 4/6
  1187 | D:2      | Noticed Robin
  1194 | D:1      | Slain by a goblin

Levels and vault maps discovered:
D:1:      dpeg_arrival_erosion, layout_basic, minmay_tetromino_o4
D:2:      minmay_chambers_of_ones, layout_loops_ring, uniq_robin, uniq_sigmund,
          uniq_terence

Skill      XL: |  1  2 |
---------------+-------+-----
Stealth        | 3 |  3.8
Conjurations   | 2 |  2.0
Dodging        | |  2.0
Spellcasting   | |  3.0
Summonings     | |  1.0
Translocations | |  1.0

Action                   || total
-------------------------++-------
Melee: Unarmed           ||    13
       Constrict         ||     6
       Tentacles         ||     3
       Dagger            ||     4
 Cast: Magic Dart        ||    26
  Use: Scroll            ||     1
  Eat: Chunk             ||     1
Dodge: Dodged            ||    12

Table legend:
 A = Non-vault XP
 B = Vault XP
 C = Vault XP percentage of total XP
 D = Non-vault monster count
 E = Vault monster count
 F = Vault count percentage of total count
                 A         B        C        D         E       F
            +---------+---------+-------+---------+---------+-------
      Total |      23 |       8 |  25.8 |      14 |       5 |  26.3
            +---------+---------+-------+---------+---------+-------
        D:1 |      23 |       8 |  25.8 |      14 |       5 |  26.3
            +---------+---------+-------+---------+---------+-------
